cohdb
Replays
Latest Replays
All Replays
Popular Replays
Top Player Replays
Match Explorer
How It Works
Community
CoH3 Stats
Reddit
Sign in to upload your games and track your stats! →
Sign in with Steam
Match 43111332
Unlisted
Match 43111332
Overview
Messages
Build Orders
End
Construct Infanterie Kompanie
Grenadier Squad
Grenadier Squad
Grenadier Squad
MG 42 Machine Gun Team
Infanterie Officer Quarters
Medical Station
Construct Panzergrenadier Kompanie
Panzergrenadier Squad
Pak 40 Anti-tank Gun Team
Panzergrenadier Squad
Support Elements
Nebelwerfer 42 Rocket Launcher Team
Pak 40 Anti-tank Gun Team
Panzergrenadier Squad
Selects Mechanized Battlegroup
Selects Raid Package
Selects 8 Rad Armored Car
Flankie Flankema
DirtyDog
White Raven
Vishnevelatte
[82AD] PaulVmax
FloppyBob
r33dys
A Chunky Chaffinch
0
0
Comments
sign in to comment!
No comments posted yet!